General information
- name: BNet
- type: Ladder team game (AT/RT)
- host: Battle.net
- saver: Rodnoveriye
map: Deathknell
- players: 8
- length: 33:35
- speed: Fast
- version: 1.26 W3XP
- replay type: Public
» download(223 KB)
Players
team 1 (loser)

»
King[33] (
green | 43 APM | 1311 actions | 30:16)
7 Blademaster
2 Wind Walk
2 Mirror Image
2 Critical Strike
1 Bladestorm
» actions
| Basic commands | 53 | |
| Build / train | 69 | |
| Enter build submenu | 30 | |
| Enter hero's abilities submenu | 6 | |
| Remove unit from queue | 2 | |
| Right click | 699 | |
| Select / deselect | 364 | |
| Use ability | 88 | |
1311 total
» units
| Peon | 11 | |
| Grunt | 5 | |
| Wind Rider | 7 | |
| Troll Headhunter/Berserker | 15 | |
38 total
» upgrades
| Envenomed Spears | 1 | |
| Reinforced Defenses | 1 | |
| Berserker Upgrade | 1 | |
| Troll Regeneration | 1 | |
| Ranged Weapons | 1 | |
| Armor | 1 | |
6 total
» buildings
| Altar of Storms | 1 | |
| Orc Burrow | 8 | |
| Barracks | 2 | |
| Stronghold | 1 | |
| Beastiary | 2 | |
| Fortress | 1 | |
| War Mill | 1 | |
| Great Hall | 1 | |
| Spirit Lodge | 1 | |
| Watch Tower | 7 | |
| Voodoo Lounge | 1 | |
26 total
» build order
00:05 Altar of Storms
00:08 Orc Burrow
00:11 Barracks
00:18 Orc Burrow
01:42 Barracks
02:12 Orc Burrow
03:24 Orc Burrow
04:20 Stronghold
04:28 Orc Burrow
06:38 Orc Burrow
06:53 Beastiary
06:58 Beastiary
07:34 Fortress
08:26 War Mill
09:23 Great Hall
11:27 Orc Burrow
11:50 Spirit Lodge
12:44 Watch Tower
13:06 Watch Tower
14:01 Watch Tower
14:17 Watch Tower
14:41 Watch Tower
18:12 Watch Tower
18:15 Watch Tower
20:06 Voodoo Lounge
20:24 Orc Burrow
» items
| Scroll of Town Portal | 3 | |
| Healing Salve | 6 | |
9 total
bosssaleen (
purple | 109 APM | 2443 actions | 22:22)
4 Death Knight
2 Death Coil
2 Unholy Aura
2 Lich
1 Frost Nova
1 Dark Ritual
» actions
| Assign group hotkey | 52 | |
| Basic commands | 141 | |
| Build / train | 42 | |
| ESC pressed | 1 | |
| Enter build submenu | 20 | |
| Enter hero's abilities submenu | 6 | |
| Right click | 873 | |
| Select / deselect | 289 | |
| Select group hotkey | 940 | |
| Use ability | 79 | |
2443 total
» units
| Acolyte | 2 | |
| Ghoul | 5 | |
| Crypt Fiend | 7 | |
| Obsidian Statue | 1 | |
15 total
» upgrades
| Creature Attack | 1 | |
| Creature Carapace | 1 | |
| Burrow | 1 | |
| Web | 1 | |
| Destroyer Form | 1 | |
5 total
» buildings
| Graveyard | 1 | |
| Ziggurat | 7 | |
| Crypt | 1 | |
| Altar of Darkness | 1 | |
| Tomb of Relics | 3 | |
| Nerubian Tower | 1 | |
| Halls of the Dead | 1 | |
| Slaughterhouse | 1 | |
| Black Citadel | 2 | |
| Sacrificial Pit | 1 | |
| Necropolis | 2 | |
21 total
» build order
00:08 Graveyard
00:14 Ziggurat
00:41 Crypt
01:00 Altar of Darkness
01:18 Ziggurat
01:30 Tomb of Relics
01:34 Tomb of Relics
01:39 Tomb of Relics
02:33 Nerubian Tower
04:19 Ziggurat
05:20 Halls of the Dead
05:45 Ziggurat
06:20 Ziggurat
07:15 Ziggurat
07:55 Slaughterhouse
08:24 Black Citadel
08:24 Black Citadel
09:25 Sacrificial Pit
12:13 Necropolis
17:51 Ziggurat
18:02 Necropolis
» items
| Rod of Necromancy | 3 | |
| Dust of Appearance | 1 | |
| Healing Salve | 1 | |
| Lesser Clarity Potion | 1 | |
| Scroll of Town Portal | 2 | |
8 total

»
acestj420 (
yellow | 21 APM | 709 actions | 33:35)
2 Blademaster
1 Wind Walk
1 Critical Strike
2 Shadow Hunter
1 Healing Wave
1 Hex
1 Far Seer
1 Chain Lighting
» actions
| Assign group hotkey | 2 | |
| Build / train | 32 | |
| Enter build submenu | 17 | |
| Enter hero's abilities submenu | 5 | |
| Give item / drop item | 1 | |
| Right click | 461 | |
| Select / deselect | 153 | |
| Use ability | 38 | |
709 total
» units
» upgrades
| Envenomed Spears | 1 | |
| Pulverize | 1 | |
2 total
» buildings
| Altar of Storms | 1 | |
| Orc Burrow | 9 | |
| Voodoo Lounge | 1 | |
| Stronghold | 1 | |
| War Mill | 1 | |
| Fortress | 1 | |
| Beastiary | 1 | |
| Tauren Totem | 2 | |
| Great Hall | 1 | |
18 total
» build order
00:16 Altar of Storms
00:21 Orc Burrow
00:55 Voodoo Lounge
02:07 Stronghold
02:49 Orc Burrow
03:32 War Mill
04:35 Orc Burrow
05:28 Fortress
05:34 Orc Burrow
07:06 Beastiary
07:52 Tauren Totem
07:57 Orc Burrow
08:03 Tauren Totem
11:26 Orc Burrow
11:44 Great Hall
13:20 Orc Burrow
15:19 Orc Burrow
15:26 Orc Burrow
» items
| Healing Salve | 1 | |
| Lesser Clarity Potion | 1 | |
| Scroll of Speed | 1 | |
| Orb of Lightning | 1 | |
4 total
GoblinToes (
blue | 29 APM | 935 actions | 32:03)
6 Blademaster
3 Wind Walk
2 Critical Strike
1 Bladestorm
» actions
| Assign group hotkey | 22 | |
| Basic commands | 175 | |
| Build / train | 77 | |
| ESC pressed | 3 | |
| Enter build submenu | 25 | |
| Enter hero's abilities submenu | 6 | |
| Give item / drop item | 1 | |
| Remove unit from queue | 1 | |
| Right click | 180 | |
| Select / deselect | 306 | |
| Select group hotkey | 90 | |
| Use ability | 49 | |
935 total
» units
| Peon | 15 | |
| Grunt | 7 | |
| Troll Headhunter/Berserker | 20 | |
| Troll Batrider | 7 | |
| Kodo Beast | 2 | |
51 total
» upgrades
| Pillage | 1 | |
| Armor | 3 | |
| Ranged Weapons | 3 | |
| Melee Weapons | 1 | |
| Troll Regeneration | 1 | |
| Backpack | 1 | |
| Berserker Upgrade | 1 | |
11 total
» buildings
| Altar of Storms | 1 | |
| Barracks | 1 | |
| Orc Burrow | 4 | |
| Voodoo Lounge | 1 | |
| War Mill | 1 | |
| Stronghold | 1 | |
| Watch Tower | 9 | |
| Fortress | 1 | |
| Great Hall | 3 | |
| Tauren Totem | 1 | |
| Beastiary | 1 | |
24 total
» build order
00:08 Altar of Storms
00:12 Barracks
00:26 Orc Burrow
01:37 Orc Burrow
02:16 Voodoo Lounge
03:26 War Mill
04:21 Orc Burrow
05:58 Stronghold
06:17 Watch Tower
07:52 Watch Tower
09:01 Watch Tower
10:22 Fortress
12:23 Great Hall
12:32 Watch Tower
13:43 Watch Tower
13:49 Orc Burrow
14:50 Watch Tower
14:56 Watch Tower
15:22 Tauren Totem
16:14 Beastiary
16:47 Watch Tower
18:25 Watch Tower
18:55 Great Hall
23:04 Great Hall
» items
| Healing Salve | 2 | |
| Scroll of Speed | 1 | |
| Orb of Lightning | 1 | |
| Scroll of Town Portal | 1 | |
5 total
team 2 (winner)
shadradoo (
teal | 87 APM | 2399 actions | 27:31)
5 Priestess of the Moon
3 Trueshot Aura
2 Searing Arrows
4 Dark Ranger
2 Black Arrow
2 Silence
4 Naga Sea Witch
2 Frost Arrows
2 Forked Lightning
» actions
| Assign group hotkey | 22 | |
| Basic commands | 123 | |
| Build / train | 79 | |
| Enter build submenu | 17 | |
| Enter hero's abilities submenu | 13 | |
| Give item / drop item | 2 | |
| Right click | 964 | |
| Select / deselect | 498 | |
| Select group hotkey | 617 | |
| Use ability | 64 | |
2399 total
» units
» upgrades
| Strength of the Moon | 3 | |
| Moon Armor | 3 | |
| Improved Bows | 1 | |
| Marksmanship | 1 | |
| Well Spring | 1 | |
| Ultravision | 1 | |
10 total
» buildings
| Altar of Elders | 1 | |
| Moon Well | 9 | |
| Ancient of War | 2 | |
| Hunter's Hall | 1 | |
| Tree of Ages | 2 | |
| Ancient of Wonders | 1 | |
| Tree of Eternity | 2 | |
| Tree of Life | 3 | |
21 total
» build order
00:08 Altar of Elders
00:19 Moon Well
01:03 Ancient of War
01:16 Moon Well
02:03 Hunter's Hall
02:38 Ancient of War
03:26 Moon Well
04:07 Tree of Ages
04:07 Tree of Ages
05:42 Moon Well
06:54 Ancient of Wonders
07:15 Tree of Eternity
08:46 Moon Well
13:13 Moon Well
17:41 Moon Well
20:27 Moon Well
20:28 Moon Well
21:14 Tree of Life
21:17 Tree of Life
23:04 Tree of Life
» items
| Potion of Healing | 2 | |
| Lesser Clarity Potion | 1 | |
| Scroll of Town Portal | 2 | |
5 total
Vespucius (
orange | 47 APM | 1316 actions | 28:14)
6 Mountain King
1 Thunder Clap
1 Bash
3 Storm Bolt
1 Avatar
» actions
| Assign group hotkey | 58 | |
| Basic commands | 163 | |
| Build / train | 100 | |
| ESC pressed | 1 | |
| Enter build submenu | 29 | |
| Enter hero's abilities submenu | 6 | |
| Remove unit from queue | 1 | |
| Right click | 213 | |
| Select / deselect | 312 | |
| Select group hotkey | 368 | |
| Use ability | 65 | |
1316 total
» units
| Peasant | 29 | |
| Footman | 5 | |
| Rifleman | 8 | |
| Ice Troll Trapper | 1 | |
| Ice Troll Berserker | 1 | |
| Flying Machine | 11 | |
| Mortar Team | 3 | |
| Siege Engine | 6 | |
| Knight | 3 | |
67 total
» upgrades
| Masonry | 2 | |
| Gunpowder | 3 | |
| Lumber Harvesting | 1 | |
| Long Rifles | 1 | |
| Flak Cannons | 1 | |
| Flying Machine Bombs | 1 | |
| Fragmentation Shards | 1 | |
| Barrage | 1 | |
| Animal War Training | 1 | |
| Armor | 1 | |
13 total
» buildings
| Altar of Kings | 1 | |
| Farm | 13 | |
| Barracks | 1 | |
| Lumber Mill | 1 | |
| Blacksmith | 1 | |
| Arcane Vault | 1 | |
| Scout Tower | 5 | |
| Arcane Tower | 1 | |
| Town Hall | 2 | |
| Keep | 1 | |
| Guard Tower | 2 | |
| Workshop | 2 | |
| Castle | 1 | |
32 total
» build order
00:25 Altar of Kings
00:38 Farm
00:54 Barracks
01:01 Farm
02:05 Lumber Mill
02:10 Farm
02:24 Blacksmith
02:47 Farm
03:03 Arcane Vault
03:18 Farm
04:59 Farm
05:12 Scout Tower
05:13 Scout Tower
05:42 Arcane Tower
06:23 Town Hall
07:27 Town Hall
07:54 Farm
08:11 Farm
08:57 Farm
09:01 Scout Tower
09:25 Keep
10:10 Guard Tower
10:13 Farm
10:36 Farm
11:33 Farm
11:37 Scout Tower
11:47 Workshop
11:53 Workshop
12:16 Guard Tower
12:21 Farm
12:29 Castle
13:19 Scout Tower
» items
| Scroll of Regeneration | 4 | |
| Lesser Clarity Potion | 2 | |
| Potion of Healing | 1 | |
7 total
Rodnoveriye (
red | 104 APM | 3489 actions | 33:35)
9 Archmage
3 Summon Water Elemental
3 Brilliance Aura
1 Mass Teleport
2 Blizzard
» actions
| Assign group hotkey | 87 | |
| Basic commands | 188 | |
| Build / train | 152 | |
| ESC pressed | 3 | |
| Enter build submenu | 62 | |
| Enter hero's abilities submenu | 9 | |
| Give item / drop item | 1 | |
| Right click | 1410 | |
| Select / deselect | 389 | |
| Select group hotkey | 975 | |
| Use ability | 213 | |
3489 total
» units
| Peasant | 13 | |
| Footman | 4 | |
| Goblin Shredder | 7 | |
| Goblin Zeppelin | 4 | |
| Gryphon Rider | 12 | |
| Dragonhawk Rider | 1 | |
41 total
» upgrades
| Masonry | 3 | |
| Swords | 3 | |
| Armor | 3 | |
| Lumber Harvesting | 2 | |
| Storm Hammers | 1 | |
| Cloud | 1 | |
| Backpack | 1 | |
14 total
» buildings
| Altar of Kings | 1 | |
| Barracks | 1 | |
| Farm | 11 | |
| Arcane Vault | 1 | |
| Scout Tower | 33 | |
| Arcane Tower | 7 | |
| Keep | 3 | |
| Town Hall | 4 | |
| Lumber Mill | 1 | |
| Castle | 3 | |
| Guard Tower | 30 | |
| Blacksmith | 1 | |
| Gryphon Aviary | 8 | |
104 total
» build order
01:01 Altar of Kings
01:02 Barracks
01:05 Farm
01:09 Farm
01:46 Farm
02:31 Farm
02:51 Farm
03:02 Arcane Vault
03:38 Scout Tower
04:18 Arcane Tower
04:19 Keep
04:19 Keep
04:28 Scout Tower
04:39 Arcane Tower
04:39 Arcane Tower
04:43 Town Hall
05:15 Lumber Mill
05:25 Scout Tower
05:28 Scout Tower
05:30 Scout Tower
06:47 Castle
06:47 Castle
06:47 Castle
06:49 Guard Tower
07:55 Blacksmith
08:01 Scout Tower
08:02 Scout Tower
08:06 Scout Tower
08:20 Scout Tower
08:23 Scout Tower
08:39 Guard Tower
08:39 Guard Tower
08:40 Guard Tower
09:12 Gryphon Aviary
09:12 Gryphon Aviary
09:16 Gryphon Aviary
09:52 Guard Tower
09:52 Guard Tower
09:57 Gryphon Aviary
10:11 Gryphon Aviary
10:16 Scout Tower
11:28 Town Hall
11:31 Scout Tower
11:32 Scout Tower
11:33 Scout Tower
11:35 Scout Tower
11:39 Scout Tower
11:39 Scout Tower
11:40 Scout Tower
11:41 Scout Tower
11:45 Scout Tower
11:46 Scout Tower
11:47 Scout Tower
11:48 Scout Tower
12:18 Guard Tower
12:18 Guard Tower
12:18 Guard Tower
12:30 Guard Tower
12:30 Guard Tower
12:30 Guard Tower
12:40 Guard Tower
13:18 Scout Tower
13:19 Scout Tower
13:20 Scout Tower
13:21 Scout Tower
13:24 Guard Tower
13:25 Guard Tower
14:13 Farm
14:31 Scout Tower
14:32 Scout Tower
14:33 Scout Tower
14:34 Scout Tower
14:35 Scout Tower
14:38 Scout Tower
15:33 Guard Tower
15:33 Guard Tower
15:35 Guard Tower
16:14 Guard Tower
16:14 Guard Tower
16:15 Guard Tower
20:25 Gryphon Aviary
20:26 Gryphon Aviary
20:28 Gryphon Aviary
21:57 Farm
21:59 Farm
22:01 Farm
22:02 Farm
22:04 Farm
27:18 Guard Tower
27:18 Guard Tower
30:42 Town Hall
32:33 Town Hall
» items
| Scroll of Regeneration | 4 | |
| Scroll of Town Portal | 4 | |
| Staff of Sanctuary | 1 | |
| Orb of Fire | 1 | |
| Mechanical Critter | 2 | |
| Ivory Tower | 3 | |
| Orb of Venom | 1 | |
| Potion of Healing | 1 | |
17 total
DINKPITCHR4RSOX (
pink | 40 APM | 1334 actions | 33:35)
4 Far Seer
2 Feral Spirit
1 Far Sight
1 Chain Lighting
» actions
| Assign group hotkey | 28 | |
| Basic commands | 39 | |
| Build / train | 52 | |
| Enter build submenu | 24 | |
| Enter hero's abilities submenu | 4 | |
| Give item / drop item | 1 | |
| Remove unit from queue | 1 | |
| Right click | 453 | |
| Select / deselect | 205 | |
| Select group hotkey | 436 | |
| Use ability | 91 | |
1334 total
» units
| Peon | 10 | |
| Troll Batrider | 13 | |
| Wind Rider | 6 | |
| Goblin Shredder | 1 | |
30 total
» upgrades
| Ranged Weapons | 2 | |
| Reinforced Defenses | 1 | |
| Liquid Fire | 1 | |
| Armor | 2 | |
| Envenomed Spears | 1 | |
7 total
» buildings
| Orc Burrow | 6 | |
| Altar of Storms | 1 | |
| War Mill | 1 | |
| Voodoo Lounge | 2 | |
| Watch Tower | 24 | |
| Stronghold | 1 | |
| Beastiary | 5 | |
| Fortress | 1 | |
| Great Hall | 1 | |
42 total
» build order
00:18 Orc Burrow
00:37 Altar of Storms
00:41 War Mill
01:25 Voodoo Lounge
02:29 Watch Tower
02:35 Watch Tower
02:39 Watch Tower
03:39 Stronghold
03:47 Watch Tower
03:49 Watch Tower
03:50 Watch Tower
04:40 Orc Burrow
04:42 Orc Burrow
04:43 Orc Burrow
06:14 Beastiary
06:19 Beastiary
06:23 Fortress
07:09 Orc Burrow
08:30 Watch Tower
08:31 Watch Tower
10:23 Watch Tower
10:24 Watch Tower
11:30 Watch Tower
12:32 Watch Tower
12:33 Watch Tower
18:45 Great Hall
18:50 Watch Tower
18:51 Watch Tower
18:52 Watch Tower
18:54 Watch Tower
18:55 Watch Tower
18:56 Watch Tower
21:14 Watch Tower
21:15 Watch Tower
21:17 Watch Tower
22:03 Beastiary
22:36 Beastiary
22:39 Orc Burrow
22:41 Beastiary
24:16 Voodoo Lounge
» items
| Healing Salve | 2 | |
| Lesser Clarity Potion | 2 | |
| Scroll of Town Portal | 1 | |
| Orb of Lightning | 1 | |
6 total
Chat log
(00:09 / All) Vespucius: hello
(00:50 / Allies) DINKPITCHR4RSOX: ahoy shad
(00:52 / Allies) DINKPITCHR4RSOX: long time
(00:58 / Allies) shadradoo: who are you
(01:10 / Allies) DINKPITCHR4RSOX: im that guy that gave u that win on friends 2 yrs ago, remember i got pissed at ur allies for noth elping me
(01:27 / Allies) shadradoo: hahaa
(01:32 / Allies) shadradoo: i always run into you
(01:40 / Allies) DINKPITCHR4RSOX: not for 5 months
(01:46 / Allies) shadradoo: ik
(01:50 / All) Rodnoveriye: I hate this map
(01:52 / Allies) DINKPITCHR4RSOX: that game was fun but frustrating
(01:53 / All) Rodnoveriye: needs goblin merchants
(02:02 / All) DINKPITCHR4RSOX: its a POOR MAN'S FULLSCALE ASSAULT
(02:13 / All) DINKPITCHR4RSOX: look at the middle, there is LITERALLY no point there
(02:14 / All) Rodnoveriye: Old map pool was so much bettetr
(02:16 / Allies) shadradoo: ill never forget that game
(03:00 / Allies) DINKPITCHR4RSOX: it was close
(03:08 / Allies) shadradoo: all i did was watch lol
(03:10 / Allies) DINKPITCHR4RSOX: that orc player on my team was a bitch to deal with
(03:24 / Allies) DINKPITCHR4RSOX: he was oldschool i think, posts on replay sites
(03:31 / All) Rodnoveriye: aww shit I need to do my hotkeys after this game
(03:45 / All) shadradoo: what are you talking about
(03:53 / All) Rodnoveriye: custom keys bro
(04:01 / All) shadradoo: lol childs play
(04:12 / All) Rodnoveriye: yeah let's be inefficient to look tough
(04:22 / All) shadradoo: just saying
(04:40 / All) shadradoo: as if the game isnt easy enough you need custom keys lol
(04:52 / All) Rodnoveriye: it's convenience
(05:02 / All) Rodnoveriye: let's see how easy it is for you later
(05:23 / Allies) shadradoo: still pretty easy
(05:56 / All) Rodnoveriye: The fuck kind fo attack was that?
(06:02 / All) shadradoo: bad one
(06:37 / All) DINKPITCHR4RSOX: do i have 5 or 6 peons on gold
(06:43 / All) shadradoo: 12
(07:06 / Allies) shadradoo: red whats ur aka
(07:10 / Allies) Rodnoveriye: Rod
(07:21 / Allies) shadradoo: never hard of yua
(07:30 / Allies) DINKPITCHR4RSOX: red tell us ur aka man
(07:40 / Allies) Rodnoveriye: lol
(07:47 / Allies) Rodnoveriye: KODOS_FORSAKEN
(07:53 / Allies) shadradoo: rofl
(08:12 / Allies) Rodnoveriye: Have they ever believed that one Jokob?
(08:14 / Allies) DINKPITCHR4RSOX: u have shitty rt stats, kodos
(08:33 / Allies) DINKPITCHR4RSOX: wood?
(08:36 / Allies) shadradoo: who's jokob
(08:44 / Allies) Rodnoveriye: Best you don't know
(08:55 / Allies) shadradoo: yeah i dont really care anyway
(09:00 / Allies) Rodnoveriye: You will
(09:38 / Allies) shadradoo: do you know someone on other team
(09:40 / Allies) DINKPITCHR4RSOX: wood me assholes
(09:49 / Allies) Rodnoveriye: I don't know buddy, do I?
(09:54 / Allies) shadradoo: probably
(10:00 / Allies) Rodnoveriye: Oh. what amkes you think it?
(10:46 / Allies) DINKPITCHR4RSOX: distract him so can bat his ass
(11:02 / Allies) Rodnoveriye: I hope you didn't lead them to my brand new expo
(11:05 / All) shadradoo: l
(11:16 / Allies) shadradoo: no
(11:17 / Allies) shadradoo: do you want me to
(11:22 / Allies) Rodnoveriye: If you do you're deae
(11:23 / Allies) Rodnoveriye: dead
(11:39 / Allies) shadradoo: thats a bold claim
(11:43 / Allies) Rodnoveriye: Yep
(12:12 / Allies) Vespucius: gj
(12:26 / All) DINKPITCHR4RSOX: i did my job and batted this prick
(13:01 / All) shadradoo: lol
(13:10 / Allies) Rodnoveriye: I didn't know how much was tping
(13:21 / All) shadradoo: yellow you forget your units
(13:47 / Allies) Vespucius: come teal
(13:49 / Allies) Vespucius: come red
(14:07 / Allies) shadradoo: wait up homie
(14:42 / Allies) shadradoo: lets og orange
(14:49 / All) Rodnoveriye: BURROW RAPE
(14:50 / All) Rodnoveriye: BURROW RAPE
(14:51 / All) Rodnoveriye: BURROW RAPE
(14:57 / Allies) shadradoo: out lol
(16:03 / Allies) Rodnoveriye: Nigga your riflemen were blocking me
(16:18 / Allies) Vespucius: sorry
(16:22 / All) DINKPITCHR4RSOX: i believe team 2 has been defated
(16:25 / Allies) Rodnoveriye: wood me so I can buy it orange
(16:30 / All) King[33]: we coulda raped kid
(16:31 / All) King[33]: if
(16:32 / All) King[33]: yellow
(16:34 / All) King[33]: dont go for tech
(16:35 / Allies) Rodnoveriye: ty
(16:36 / All) King[33]: this stupid
(16:38 / All) King[33]: noob fuck
(16:40 / All) shadradoo: green u suck go home
(16:41 / All) DINKPITCHR4RSOX: why u call me kid
(16:45 / All) DINKPITCHR4RSOX: we have 2 level 1's on this team
(16:49 / All) DINKPITCHR4RSOX: level means everything in wc3
(16:56 / All) King[33]: we lose for fault of this retard
(16:57 / All) King[33]: yellow
(17:01 / All) King[33]: he refuses
(17:02 / All) King[33]: rush
(17:06 / All) Rodnoveriye: LEVEl 6
(17:08 / All) Rodnoveriye: I WANT MASS TP
(17:10 / All) Rodnoveriye: STAY NIGGERS
(17:13 / All) DINKPITCHR4RSOX: i never did anything it was fair
(17:16 / Specific player) Rodnoveriye: Yo green
(17:20 / Specific player) Rodnoveriye: I will tk
(17:22 / Specific player) Rodnoveriye: when I get level 6
(17:26 / Specific player) Rodnoveriye: and kill my whole team, if you stay
(17:27 / Specific player) Rodnoveriye: Sound fair?
(17:39 / 8) King[33]: whatever
(17:40 / 8) King[33]: is over
(17:48 / 8) King[33]: yellow ruined all game
(17:48 / Specific player) Rodnoveriye: I can take my hole team
(17:53 / All) shadradoo: is it weird to be hard right now
(17:54 / Specific player) Rodnoveriye: and pink is with me
(17:55 / All) DINKPITCHR4RSOX: green do u want to win
(18:47 / Allies) DINKPITCHR4RSOX: WOOD
(18:48 / All) shadradoo: whoowaahh
(19:12 / Specific player) Rodnoveriye: I need level 6 first but I will tk
(19:21 / All) shadradoo: worst orcs ever?
(19:32 / All) bosssaleen: wtfg
(19:34 / All) bosssaleen: wtf
(19:40 / All) bosssaleen: are u fukcing kdding me
(19:44 / All) shadradoo: i hope so
(19:44 / All) shadradoo: lol
(19:54 / All) bosssaleen: 1.8k gold
(19:55 / All) bosssaleen: wtf
(20:01 / All) bosssaleen: this shit pisses me off
(20:06 / All) shadradoo: doesnt matter when you cant control units worth shit
(20:07 / All) bosssaleen: fuck u bitch
(20:07 / All) Rodnoveriye: I have 8.3k
(20:08 / All) DINKPITCHR4RSOX: lol
(20:12 / All) DINKPITCHR4RSOX: mad cuz the ybad
(20:24 / All) bosssaleen: y do u have 1.k gold
(20:30 / All) shadradoo: red has 9k
(20:33 / All) bosssaleen: when ive been asking for gold>
(20:35 / All) Rodnoveriye: 8.6
(20:45 / All) DINKPITCHR4RSOX: green
(20:56 / All) Vespucius: im coming
(21:03 / Allies) DINKPITCHR4RSOX: wod fuckers
(21:11 / All) bosssaleen: how can a team be so shitty
(21:12 / All) bosssaleen: wtf
(21:21 / All) shadradoo: it helps when you're on it
(21:31 / All) Vespucius: LOL!!!
(21:32 / All) bosssaleen: brah am better then u can ever be
(21:35 / All) bosssaleen: smh
(21:42 / All) DINKPITCHR4RSOX: red raped ur hero lol
(21:52 / All) shadradoo: ive raped like 10 bms this game
(22:13 / All) bosssaleen: smh
(22:20 / Specific player) Rodnoveriye: building up to tk now
(22:25 / Specific player) Rodnoveriye: stay
(22:36 / 8) King[33]: i know you?
(22:39 / Specific player) Rodnoveriye: coming
(22:39 / 8) King[33]: from another place?
(22:46 / Specific player) Rodnoveriye: do you perch?
(23:00 / All) DINKPITCHR4RSOX: wtf is happening?
(23:01 / All) Vespucius: leave newbs
(23:10 / All) shadradoo: reds gonna tk
(23:13 / All) Rodnoveriye: Yes I am
(23:15 / All) shadradoo: hes friends with blue
(23:17 / All) Rodnoveriye: is it so easy now, punk?
(23:20 / All) shadradoo: both virgins i assume
(23:21 / All) Rodnoveriye: lol no I'm not
(23:32 / All) Rodnoveriye: I have no friends this game
(23:36 / All) Rodnoveriye: other than my fellow pink
(23:38 / All) shadradoo: or in real life ;lol
(23:53 / Allies) shadradoo: pinks my friend :D
(24:02 / All) DINKPITCHR4RSOX: i am teal i am
(24:06 / All) Rodnoveriye: He won't be for long lawl
(24:17 / All) Rodnoveriye: Those don't give me xp teal
(24:19 / All) shadradoo: idc about losing lol
(24:20 / All) Rodnoveriye: You don't have to detonate
(24:36 / All) shadradoo: i just dont want to give u the satisfaction of killi ng me
(24:40 / All) Rodnoveriye: Is it so easy now, pal?
(24:42 / All) Rodnoveriye: is it easy punk?
(24:46 / All) Rodnoveriye: Is WC3 easy?
(24:50 / All) shadradoo: yes
(24:50 / All) shadradoo: lol
(24:57 / All) shadradoo: im eating cookies
(25:00 / All) shadradoo: watching you virgin out
(25:02 / All) Rodnoveriye: What kind?
(25:03 / All) shadradoo: xD
(25:08 / All) shadradoo: choc chip duh
(25:09 / All) DINKPITCHR4RSOX: i like oreos
(25:10 / All) DINKPITCHR4RSOX: the best
(25:50 / All) shadradoo: i think iwon
(25:59 / All) Rodnoveriye: I think I have 9k
(26:06 / All) shadradoo: red just got raped by me lol
(26:10 / All) shadradoo: hes even more mad now xD
(26:12 / All) Rodnoveriye: I can make unfair trades
(26:20 / All) Rodnoveriye: I'm quivering in fear at your "you mad" meme
(26:30 / All) shadradoo: that wasnt a meme lol
(26:34 / All) Rodnoveriye: "You mad" is
(26:38 / All) shadradoo: i was just making an observation
(26:49 / All) shadradoo: Afk
(27:31 / All) Rodnoveriye: 1 done, 1 to go
(28:20 / All) Rodnoveriye: Well
(28:21 / All) Rodnoveriye: They left
(28:25 / All) Rodnoveriye: Looks like you have to get the loss now
(28:34 / All) DINKPITCHR4RSOX: yes
(29:22 / All) DINKPITCHR4RSOX: i want quake dammit
(30:48 / All) DINKPITCHR4RSOX: gg sir
(30:50 / All) Rodnoveriye: Blue
(30:53 / All) Rodnoveriye: You need to leave
(30:57 / All) Rodnoveriye: Leave you get a tie
(31:00 / All) Rodnoveriye: Stay you get a loss
(31:16 / All) DINKPITCHR4RSOX: yellow still here
(31:22 / All) Rodnoveriye: Oh
(31:25 / All) Rodnoveriye: I didn't notice him
(31:30 / All) GoblinToes: Loss either way
(32:18 / All) Rodnoveriye: Damn that was a lot of levels
(32:41 / All) DINKPITCHR4RSOX: dont think yellow knows he is even here